 Dungeon Crawl Stone Soup version 0.31-a0-977-gc230f8ef24 (webtiles) character file.

Game seed: 1350085685717354969

4031 Gladio the Basher (level 10, -2/88 HPs)
             Began as an Armataur Fighter on Oct 29, 2023.
             Was an Elder of Zin.
             Killed from afar by a swamp worm (19 damage)
             ... with a harpoon shot
             ... on level 8 of the Dungeon.
             The game lasted 00:14:39 (8160 turns).

Gladio the Basher (Armataur Fighter)                Turns: 8160, Time: 00:14:40

Health: -2/88      AC: 26    Str: 26    XL:     10   Next: 4%
Magic:  14/14      EV:  3    Int:  9    God:    Zin [****..]
Gold:   388        SH:  5    Dex:  9    Spells: 9/9 levels left

rFire   . . .        m - +1 morningstar
rCold   . . .        c - +0 buckler
rNeg    . . .        A - +0 plate armour
rPois   .            g - +0 helmet
rElec   .            t - +0 cloak
rCorr   .            h - +0 pair of gloves
SInv    .            n - +1 barding
Will    .....        (no amulet) Stlth
                     v - +4 ring of slaying
HPRegen 0.34/turn    r - +4 ring of protection
MPRegen 0.14/turn

%: roll
@: mighty, studying Maces & Flails, invisible
A: large, rugged brown scales 3, deformed body, armoured tail, roll, long
tongue, awkward tongue
a: Renounce Religion, Recite, Vitalisation, Imprison, Donate Gold


You were on level 8 of the Dungeon.
You worshipped Zin.
Zin was greatly pleased with you.
You visited 2 branches of the dungeon, and saw 9 of its levels.
You also visited: Sewer.

You collected 563 gold pieces.
You donated 175 gold pieces to Zin.

Inventory:

Hand Weapons
 a - a +0 flail
 m - a +1 morningstar (weapon)
Missiles
 j - 11 boomerangs
Armour
 b - a +0 scale mail
 c - a +0 buckler (worn)
 g - a +0 helmet (worn)
 h - a +0 pair of gloves (worn)
 n - a +1 barding (worn)
 t - a +0 cloak (worn)
 A - a +0 plate armour (worn)
Jewellery
 e - a ring of positive energy
 i - a +6 ring of strength
 r - a +4 ring of protection (right hand)
 v - a +4 ring of slaying (left hand)
 y - a ring of fire
 C - a +5 ring of evasion
Wands
 z - a wand of charming (11)
 B - a wand of mindburst (5) (quivered)
Scrolls
 f - 2 scrolls of fear
 k - 3 scrolls of torment
 l - 4 scrolls of revelation
 o - 2 scrolls of fog
 u - a scroll of immolation {unknown}
Potions
 d - a potion of might
 p - a potion of brilliance {unknown}
 q - 2 potions of curing
 s - 7 potions of enlightenment
 x - a potion of invisibility
 F - 3 potions of resistance {unknown}


   Skills:
 + Level 6.1 Fighting
 * Level 9.7 Maces & Flails
 + Level 8.1 Armour
 + Level 7.2 Shields
 + Level 5.3 Invocations


You had 9 spell levels left.
You didn't know any spells.
Your spell library was empty.

Dungeon Overview and Level Annotations

Branches:
Dungeon (8/15)             Temple (1/1) D:5            Lair (0/5) D:8
  Sewer (visited)

Altars:
Ashenzari
Cheibriados
Dithmenos
Elyvilon
Gozag
Hepliaklqana
Kikubaaqudgha
Makhleb
Nemelex Xobeh
Okawaru
Qazlal
Ru
Sif Muna
Trog
Uskayaw
Vehumet
Wu Jian
Xom
Yredelemnul
Zin
The Shining One

Shops:
D:7 (


Innate Abilities, Weirdness & Mutations

You are completely covered in rugged brown scales. (AC +3, +7% HP)
Armour fits poorly on your strangely shaped body.
You have a long armoured tail.
You roll when moving toward enemies. (Rampage)
Your long tongue fully drains potion bottles. (2x potion effects)
Your tongue gives you trouble enunciating. (1.5x scroll delay)


Message History

You slurp down every last drop of the potion of might!
The swamp worm bites you!
The swamp worm bites you but does no damage.
Unknown command.
The swamp worm attacks as it pursues you!
The swamp worm bites you but does no damage.
You thump the swamp worm!
The swamp worm is moderately wounded.
You puncture the swamp worm!
The swamp worm is heavily wounded.
The swamp worm completely misses you.
The swamp worm bites you but does no damage.
The swamp worm bites you.
The swamp worm bites you but does no damage.
You closely miss the swamp worm.
Your tail-slap misses the swamp worm.
The swamp worm is moderately wounded.
The swamp worm bites you but does no damage. x2
You barely miss the swamp worm.
The swamp worm is moderately wounded.
The swamp worm bites you!
* * * LOW HITPOINT WARNING * * *
The swamp worm bites you.
* * * LOW HITPOINT WARNING * * *
Unknown command.
You feel better.
You slurp down every last drop of the potion of curing!
The swamp worm bites you but does no damage.
The swamp worm bites you.
* * * LOW HITPOINT WARNING * * *
The swamp worm bites you!
* * * LOW HITPOINT WARNING * * *
The swamp worm bites you but does no damage.
You fade into invisibility!
You slurp down every last drop of the potion of invisibility!
The swamp worm bites you but does no damage.
You block the swamp worm's attack.
The swamp worm fires a harpoon shot past the swamp worm.
The swamp worm fires a harpoon shot at the swamp worm.
The harpoon shot misses the swamp worm.
The harpoon shot hits you!!
You die...

#....##..##+#####..#
#....##..##.<..###+#
#....##...#....+....
#....##...#....#....
#....##..##.########
#....##..##)##.#####
#....##...)))#......
#....##......#......
#..@.##..##.####.###
#....##..##†####.###
#.w...#...#..>......
#..w..#...#.........
#w#####...#.........
#....#....#.........
#...~~~~~####.###.##
#..~~≈~≈~~###+###.##
##~~~~###~~~~.......#


You could see 3 swamp worms.

Vanquished Creatures
  Pikel (D:6)
  Jeremiah (D:7)
  Prince Ribbit (D:7)
  Sigmund (D:6)
  Eustachio (D:4)
  A steam dragon (D:8)
  Duvessa (D:7)
  The ghost of confidenceinterval the Shooter, an amateur SpHu (D:5)
  A black bear (D:5)
  An orc warrior (D:8)
  A sky beast (D:6)
  4 ogres
  2 centaurs
  A phantom (D:5)
  2 bullfrogs
  Blork the orc (D:6)
  3 scorpions
  Dowan (D:7)
  6 killer bees (D:8)
  2 howler monkeys (D:6)
  An orc priest (D:5)
  2 gnoll boudas
  A hound (D:4)
  3 iron imps (D:3)
  3 jellies
  Ijyb (D:4)
  A sleepcap (D:6)
  3 iguanas
  3 orc wizards
  Robin (D:4)
  14 gnolls
  7 adders
  4 river rats
  3 shadow imps
  2 white imps
  2 ufetubi (D:5)
  6 worms
  2 dart slugs
  18 orcs
  14 ball pythons
  8 endoplasms
  5 giant cockroaches
  9 goblins
  16 hobgoblins
  5 jackals (Sewer)
  7 quokkas
  13 bats
  5 frilled lizards
  7 kobolds
  7 rats
206 creatures vanquished.

Notes
Turn   | Place    | Note
-------+----------+-------------------------------------------
     0 | D:1      | Gladio the Armataur Fighter began the quest for the Orb.
     0 | D:1      | Reached XP level 1. HP: 19/19 MP: 1/1
    95 | D:1      | Reached skill level 2 in Maces & Flails
   103 | D:1      | Reached XP level 2. HP: 18/26 MP: 2/2
   217 | D:1      | Found a faded altar of an unknown god.
   284 | D:1      | Prayed at the altar of an unknown god.
   284 | D:1      | Became a worshipper of Vehumet
   284 | D:1      | Reached * piety under Vehumet
   284 | D:1      | Offered knowledge of Foxfire by Vehumet.
   458 | D:1      | Reached XP level 3. HP: 16/32 MP: 3/3
  1118 | D:2      | Offered knowledge of Poisonous Vapours by Vehumet.
  1473 | D:3      | Reached ** piety under Vehumet
  1790 | D:3      | Reached XP level 4. HP: 38/40 MP: 4/4
  1810 | D:3      | Found a glowing silver altar of Zin.
  1814 | D:3      | Fell from the grace of Vehumet
  1814 | D:3      | Became a worshipper of Zin the Law-Giver
  1814 | D:3      | Reached * piety under Zin
  1907 | D:3      | Reached skill level 3 in Maces & Flails
  1919 | D:3      | Found a glowing drain.
  1923 | Sewer    | Entered a sewer
  2131 | Sewer    | Was placed under penance by Zin
  2147 | Sewer    | Reached XP level 5. HP: 46/48 MP: 5/5
  2239 | Sewer    | Reached skill level 1 in Invocations
  2879 | D:3      | Was forgiven by Zin
  3075 | D:3      | Found a burning altar of Makhleb.
  3098 | D:3      | Reached XP level 6. HP: 42/54 MP: 5/7
  3465 | D:4      | Noticed Eustachio
  3480 | D:4      | Killed Eustachio
  3481 | D:4      | Reached skill level 4 in Maces & Flails
  3481 | D:4      | Reached skill level 5 in Armour
  3589 | D:4      | Noticed Robin
  3599 | D:4      | Killed Robin
  3640 | D:4      | Donated 119 gold pieces to Zin
  3697 | D:4      | Reached XP level 7. HP: 23/62 MP: 8/8
  3971 | D:4      | Reached ** piety under Zin
  3980 | D:4      | Found a sacrificial altar of Ru.
  4025 | D:4      | Noticed Ijyb
  4042 | D:4      | Killed Ijyb
  4298 | D:4      | Found a hazy altar of Hepliaklqana.
  4336 | D:4      | Found an ornate altar of the Wu Jian Council.
  4577 | D:4      | Identified the +0 scale mail "Fisovvas" {rElec rC+ Dex-2}
  4601 | D:5      | Entered Level 5 of the Dungeon
  4815 | D:5      | Reached skill level 5 in Maces & Flails
  4815 | D:5      | Reached skill level 5 in Shields
  4994 | D:5      | Found a staircase to the Ecumenical Temple.
  4998 | D:5      | Reached *** piety under Zin
  5008 | Temple   | Entered the Ecumenical Temple
  5038 | D:5      | Reached XP level 8. HP: 63/71 MP: 10/10
  5086 | D:5      | Found a bloodstained altar of Trog.
  5536 | D:5      | Noticed confidenceinterval's ghost (amateur SpHu)
  5539 | D:5      | Found a runed translucent door.
  5624 | D:5      | Killed confidenceinterval's ghost
  5633 | D:5      | Identified a scroll of acquirement
  5633 | D:5      | Acquired a manual of Maces & Flails
  5873 | D:6      | Reached skill level 6 in Maces & Flails
  6077 | D:6      | Reached skill level 5 in Fighting
  6299 | D:6      | Noticed Pikel
  6306 | D:6      | Killed Pikel
  6307 | D:6      | Reached skill level 7 in Maces & Flails
  6307 | D:6      | Reached XP level 9. HP: 52/79 MP: 10/12
  6599 | D:6      | Noticed Blork the orc
  6600 | D:6      | Noticed Sigmund
  6605 | D:6      | Killed Blork the orc
  6613 | D:6      | Killed Sigmund
  6800 | D:6      | Reached skill level 8 in Maces & Flails
  6944 | D:7      | Noticed Prince Ribbit
  6948 | D:7      | Killed Prince Ribbit
  6991 | D:7      | Found a shimmering altar of Xom.
  7031 | D:7      | Noticed Jeremiah
  7033 | D:7      | Found Jioczuis's Weapon Shoppe.
  7091 | D:7      | Killed Jeremiah
  7245 | D:7      | Reached skill level 9 in Maces & Flails
  7245 | D:7      | Reached skill level 5 in Invocations
  7479 | D:7      | Noticed Duvessa
  7479 | D:7      | Noticed Dowan
  7493 | D:7      | Killed Duvessa
  7496 | D:7      | Killed Dowan
  7624 | D:7      | Reached **** piety under Zin
  7845 | D:8      | Found a staircase to the Lair.
  7936 | D:8      | Found a broken altar of Ashenzari.
  7972 | D:8      | Reached XP level 10. HP: 63/88 MP: 13/13
  8160 | D:8      | Killed from afar by a swamp worm

Illustrated notes

Levels and vault maps discovered:
D:1:      doesnt_arrival_eight_statues, layout_rooms, basic_ecumenical_altar
D:2:      layout_basic
D:3:      layout_basic, demons_altar, zin_treasury, gup_sewer_entry_bowl,
          nicolae_hexahallways, minivault_19
D:4:      minmay_bubble_buster, layout_loops_corners,
          mainiacjoe_overflow_24_doors, mainiacjoe_overflow_alcove_2,
          mainiacjoe_overflow_alcove_1, st_stairs_2, uniq_robin, uniq_ijyb,
          uniq_eustachio
D:5:      layout_basic, mainiacjoe_overflow_six_doors_small,
          minmay_temple_entry_proselytizer, hellmonk_ghost_happy_afterlife
D:6:      layout_loops_ring, uniq_blork_the_orc, uniq_pikel, uniq_sigmund
D:7:      layout_basic, overflow_temple_1_default, serial_shops, shop,
          uniq_duvessa, uniq_jeremiah, uniq_prince_ribbit1
D:8:      layout_gridville, old_standard_altar, lair_entry_dummy, worms_lemuel
Temple:   compressed_dpeg_triangle_lava_temple

Skill      XL: |  1  2  3  4  5  6  7  8  9 |
---------------+----------------------------+-----
Maces & Flails | 2 3 4 5 7 9 |  9.7
Fighting       | 3 4 5 6 |  6.1
Armour         | 4 5 7 8 |  8.1
Shields        | 4 5 6 7 |  7.2
Invocations    | 1 2 3 4 5 |  5.3

Action                     |  1- 3 |  4- 6 |  7- 9 | 10-12 || total
---------------------------+-------+-------+-------+-------++-------
  Melee: Flail             |   144 |     5 |       |       ||   149
         Tailslap          |    12 |    20 |    33 |     1 ||    66
         Morningstar       |       |   181 |   275 |     9 ||   465
 Invoke: Recite            |       |     2 |     9 |       ||    11
         Donate Gold       |       |     1 |       |       ||     1
         Vitalisation      |       |       |     3 |       ||     3
  Evoke: Wand              |       |       |    11 |       ||    11
    Use: Scroll            |     5 |     1 |    10 |       ||    16
         Potion            |     1 |     2 |     1 |     3 ||     7
   Stab: Confused          |       |       |     1 |       ||     1
         Invisible         |       |       |     1 |       ||     1
 Armour: Scale mail        |   119 |   192 |    27 |       ||   338
         Skin              |       |    30 |       |       ||    30
         Plate armour      |       |       |   285 |    36 ||   321
  Dodge: Dodged            |    41 |    69 |    75 |     2 ||   187
  Block: Buckler           |    37 |    56 |    68 |     3 ||   164

Table legend: (Time is in decaauts)
 A = Elapsed time spent in this place.
 B = Non-inter-level travel time spent in this place.
 C = Inter-level travel time spent in this place.
 D = Time resting spent in this place.
 E = Time spent auto-exploring this place.
 F = Levels seen in this place.
 G = Mean time per level.
                   A        B        C        D        E       F      G
               +--------+--------+--------+--------+--------+-----+--------+
         Total |   8331 |   8068 |    263 |     37 |   6492 |  10 |  833.1 |
       Dungeon |   7429 |   7166 |    263 |     37 |   5878 |   8 |  928.6 |
        Temple |      1 |      1 |      0 |      0 |      0 |   1 |    1.0 |
         Sewer |    899 |    899 |      0 |      0 |    614 |   1 |  899.0 |
               +--------+--------+--------+--------+--------+-----+--------+

Top non-repeatable levels by time:
     D:5: 1287 daAuts
     D:4: 1280 daAuts
     D:3: 1128 daAuts
     D:7: 1008 daAuts
     D:6: 961 daAuts
   Sewer: 899 daAuts
     D:2: 817 daAuts
     D:1: 597 daAuts
     D:8: 347 daAuts
  Temple: 1 daAuts
